 Dungeon Crawl Stone Soup version 0.27.1-3-gb3d3a73c9e (webtiles) character file.

Game seed: 13881294045533223119

53 Crownlay the Chopper (level 3, -1/31 HPs)
             Began as a Hill Orc Fighter on Oct 5, 2021.
             Succumbed to an orc wizard's poison
             ... on level 3 of the Dungeon.
             The game lasted 00:02:14 (1885 turns).

Crownlay the Chopper (Hill Orc Fighter)             Turns: 1885, Time: 00:02:15

Health: -1/31      AC:  6    Str: 19    XL:     3   Next: 87%
Magic:  3/3        EV:  9    Int:  8    God:
Gold:   107        SH:  0    Dex: 10    Spells: 2/2 levels left

rFire    . . .     SeeInvis .   a - +0 war axe
rCold    . . .     Faith    .   (no shield)
rNeg     . . .     Spirit   .   b - +0 scale mail
rPois    .         Reflect  .   (no helmet)
rElec    .         Harm     .   (no cloak)
rCorr    .         Rampage  .   (no gloves)
Will     .....                  (no boots)
Stlth    ..........             (no amulet)
HPRegen  0.10/turn              (no ring)
MPRegen  0.08/turn              (no ring)

@: confused, lethally poisoned (-1 -> -20)
A: no striking features
a: no special abilities


You were on level 3 of the Dungeon.
You visited 1 branch of the dungeon, and saw 3 of its levels.

You collected 107 gold pieces.

Inventory:

Hand Weapons
 a - a +0 war axe (weapon)
Armour
 b - a +0 scale mail (worn)
 c - a +0 kite shield
Scrolls
 e - 2 scrolls of identify {unknown}
 g - a scroll of amnesia {unknown}
 h - a scroll of vulnerability {unknown}
Potions
 d - a potion of might
 f - a potion of magic {unknown}


   Skills:
 - Level 3.6 Fighting
 + Level 5.4 Axes
 - Level 3.2 Armour
 - Level 3.2 Shields


You had 2 spell levels left.
You didn't know any spells.
Your spell library was empty.

Dungeon Overview and Level Annotations

Branches:
Dungeon (3/15)

Altars:
Zin


Message History

You closely miss the orc wizard.
The orc wizard is lightly wounded.
You hit the orc but do no damage.
You feel very sick.
The orc wizard points at you and mumbles some strange words.
You are confused.
The orc hits you with a +0 flail.
You are too confused!
You are too confused!
You are too confused!
You are too confused!
You are too confused!
You are too confused!
You hit the orc.
The orc is heavily wounded.
You closely miss the orc wizard.
You feel sick.
The orc wizard hits you but does no damage.
You are more poisoned.
The orc closely misses you.
The orc wizard hits you but does no damage.
You are lethally poisoned!
You bump into the rock wall.
You feel very sick. The orc closely misses you.
The orc wizard mumbles some strange words.
The orc wizard flickers and vanishes!
Deactivating autopickup; reactivate with Ctrl-A.
You're too confused to move!
* * * LOW HITPOINT WARNING * * *
You feel very sick. The orc barely misses you.
Something hits you but does no damage.
You are more poisoned.
You bump into the rock wall.
* * * LOW HITPOINT WARNING * * *
You feel very sick. The orc barely misses you.
You hear some strange, mumbled words.
Something tries to affect you, but you resist.
You barely miss something. You barely miss the orc.
You die...

.....### .# .## ####.#
.. #..# ########### .##
.... ..........# ..##..#
.########.######.#(.##
.....................##.
........................
'#####.##.######.####..#
..# #.##.# #.)@{....#
..# #.##.# #.#o###..#
..# #.##.# #.#.. .. ..+
.....# # ##.# ..# .#####
.. ..# . ... (.# #. #..
+## ...


You could see an orc.

Vanquished Creatures
  An adder (D:2)
  4 orcs (D:3)
  3 endoplasms
  5 goblins
  5 hobgoblins
  A quokka (D:1)
  4 ball pythons
  5 bats
  4 frilled lizards
  2 kobolds (D:1)
  6 rats
40 creatures vanquished.

Notes
Turn   | Place    | Note
-------+----------+-------------------------------------------
     0 | D:1      | Crownlay the Hill Orc Fighter began the quest for the Orb.
     0 | D:1      | Reached XP level 1. HP: 19/19 MP: 1/1
   104 | D:1      | Reached skill level 3 in Axes
   338 | D:1      | Reached XP level 2. HP: 21/26 MP: 2/2
   498 | D:1      | Reached skill level 4 in Axes
   727 | D:1      | Found a faded altar of an unknown god.
  1172 | D:2      | Reached XP level 3. HP: 31/31 MP: 3/3
  1261 | D:2      | Reached skill level 5 in Axes
  1829 | D:3      | Found a glowing silver altar of Zin.
  1885 | D:3      | Succumbed to an orc wizard's poison

Illustrated notes

Levels and vault maps discovered:
D:1:      dpeg_arrival_erosion, layout_loops_ring,
          chequers_ecumenical_altar_simple, fountainhead
D:2:      layout_loops_ring
D:3:      layout_basic, nicolae_dithmenos_shadow_blocks,
          overflow_temple_1_default, zin_academy, solitary_fountain

Skill      XL: |  1  2  3 |
---------------+----------+-----
Axes           | 3 4 5 |  5.4
Fighting       | |  3.6
Armour         | |  3.2
Shields        | |  3.2

Action                   || total
-------------------------++-------
Melee: War axe           ||   113
Armor: Scale mail        ||    75
Dodge: Dodged            ||    65
